[Event "*** Titled Tuesday Blitz"]
[Site "Chess.com"]
[Date "2020.04.07"]
[Round "1"]
[White "annamaja"]
[Black "OhanyanEminChess"]
[Result "0-1"]
[WhiteElo "2252"]
[BlackElo "2594"]
[TimeControl "180+1"]
[EndTime "13:06:46 PDT"]
[Termination "OhanyanEminChess won on time"]

1. e4 e5 2. Nf3 Nc6 3. Bb5 f5 4. exf5 e4 5. Qe2 Qe7 6. Bxc6 bxc6 7. Nd4 c5 8. Nb5 d5 9. d3 Nf6 10. Bf4 Kf7 11. Nxc7 Rb8 12. Nxd5 Qb7 13. Nxf6 Qxb2 14. Qh5+ Kxf6 15. Bg5+ Ke5 16. Qe8+ Kxf5 17. Qxe4+ Kxg5 0-1

[Event "*** Titled Tuesday Blitz"]
[Site "Chess.com"]
[Date "2020.04.07"]
[Round "1"]
[White "Shield12"]
[Black "Magician4MA"]
[Result "1-0"]
[WhiteElo "2942"]
[BlackElo "2475"]
[TimeControl "180+1"]
[EndTime "13:06:47 PDT"]
[Termination "Shield12 won by resignation"]

1. e4 e5 2. Nf3 Nc6 3. Bb5 a6 4. Ba4 g6 5. d4 exd4 6. Nxd4 Bg7 7. Nxc6 bxc6 8. Nc3 Ne7 9. Bg5 O-O 10. Qd2 Rb8 11.
O-O-O d6 12. h4 h5 13. Bxc6 f6 14. Bd5+ Nxd5 15. Qxd5+ Kh7 16. Be3 Qe7 17. Qd2 Be6 18. Kb1 Qd7 19. b3 a5 20. Ka1 Qc6 21. Bd4 Rb4 22.
Ne2 Qxe4 23. f3 Qb7 24. Bc3 Ra8 25. Rhe1 Bf7 26. Nc1 Rb5 27. a4 Rd5 28. Qf4 Rxd1 29. Rxd1 Re8 30. Bxf6 Bxf6+ 31. Qxf6 Kg8 32. Kb2 Qb4 33.
Qd4 Qb7 34. Nd3 Rb8 35. Qc3 Qb6 36. Nf4 Qf2 37. Nd5 Qxg2 38. Qxc7 Ra8 39. Qc6 Rf8 40. Rd4 Qxf3 41. Ne7+ Kg7 42. Qxf3 1-0

[Event "*** Titled Tuesday Blitz"]
[Site "Chess.com"]
[Date "2020.04.07"]
[Round "1"]
[White "nochewycandy"]
[Black "MixMasterChess"]
[Result "1-0"]
[WhiteElo "2526"]
[BlackElo "2107"]
[TimeControl "180+1"]
[EndTime "13:06:48 PDT"]
[Termination "nochewycandy won by resignation"]

1. e4 e6 2. d4 d5 3. Bd3 c5 4. exd5 exd5 5. dxc5 Bxc5 6. Nf3 Nf6 7. Qe2+ Qe7 8.
Qxe7+ Kxe7 9. O-O Re8 10. Bg5 Be6 11. Nc3 Kf8 12. Bxf6 gxf6 13. Rad1 Nc6 14. Bxh7 f5 15. Nxd5 Kg7 16. Nc7 Kxh7 17. Ng5+ Kg6 18. Ngxe6 fxe6 19. Nxa8 Rxa8 20. c3 Ne5 21. Rfe1 Kf6 22. h3 f4 23. b4 Bb6 24. a4 a5 25. bxa5 Rxa5 26. Rb1 Ra6 27. Rb5 Nd3 28. Re2 e5 29. Kf1 Ba5 30.
Rd2 e4 31. Re2 Bxc3 32. Rxe4 Be5 33. Rd5 Kf5 34. f3 Rd6 35. Rexe5+ Nxe5 36. Rxd6 1-0

[Event "*** Titled Tuesday Blitz"]
[Site "Chess.com"]
[Date "2020.04.07"]
[Round "1"]
[White "MasterKroket"]
[Black "ChadaevNikolay"]
[Result "0-1"]
[WhiteElo "2464"]
[BlackElo "2900"]
[TimeControl "180+1"]
[EndTime "13:06:49 PDT"]
[Termination "ChadaevNikolay won by resignation"]

1. d4 Nf6 2. c4 e6 3. Nf3 c5 4. d5 exd5 5. cxd5 d6 6. Nc3 g6 7. e4 Bg7 8. Bd3 O-O 9. h3 b5 10. Bxb5 Nxe4 11. Nxe4 Qa5+ 12. Nfd2 Qxb5 13. Nxd6 Qa6 14.
N2c4 Nd7 15. O-O Nb6 16. Nxb6 Qxb6 17. Nxc8 Raxc8 18. Rb1 Rfd8 19. Bf4 c4 20. d6 Bxb2 21. Qc2 c3 22. Be5 Qc5 23. Rfe1 Qc6 24. Re2 Re8 25. Rd1 Qd7 26. f4 f6 27. Bxf6 Rxe2 28. Qxe2 Kf7 29.
Be5 Qa4 30. d7 Rd8 31. Rd4 Qxa2 32. Qc2 Qe6 33. Kh2 Rxd7 34. Re4 Qd5 35. Qe2 Qd3 36.
Qe1 Re7 37. Re3 Qd2 38. Qg3 c2 39. Bxb2 Qxe3 40. Qh4 c1=Q 41. Qf6+ Ke8 42. Qh8+ Kd7 43. Be5 Qxf4+ 0-1

[Event "*** Titled Tuesday Blitz"]
[Site "Chess.com"]
[Date "2020.04.07"]
[Round "1"]
[White "Hubbery"]
[Black "tonyq11"]
[Result "1-0"]
[WhiteElo "2614"]
[BlackElo "2280"]
[TimeControl "180+1"]
[EndTime "13:06:49 PDT"]
[Termination "Hubbery won by checkmate"]

1. d4 d5 2. c4 e6 3. Nc3 Nf6 4. cxd5 Nxd5 5. e4 Nxc3 6. bxc3 c5 7. Nf3 cxd4 8. cxd4 Bb4+ 9. Bd2 Bxd2+ 10. Qxd2 O-O 11. Bc4 Nd7 12. O-O b6 13. Rfe1 Bb7 14. Rad1 Rc8 15.
Bd3 h6 16. Bb1 Nf6 17. Qf4 Qc7 18. Qh4 Qc3 19. h3 Rfd8 20. d5 exd5 21. e5 Rc4 22. Nd4 Re8 23. Re3 Rxd4 24. Qxd4 Qxd4 25. Rxd4 Ne4 26. Bxe4 dxe4 27. Rd7 Bc6 28. Rxa7 Rxe5 29. Rc3 Re6 30. Kh2 Rf6 31. a3 Bd5 32. Rd7 Bc6 33.
Rd8+ Kh7 34. Rb8 Bd5 35. Rc2 Re6 36. Rb2 Re5 37. R8xb6 e3 38. fxe3 Rxe3 39. Ra6 Bc4 40.
Ra7 Bd5 41. a4 Ra3 42. a5 Bc4 43. Rc2 Bf1 44. Rxf7 Bd3 45. Rd2 Be4 46. Ra7 Ra1 47. Rdd7 Kg6 48. Rxg7+ Kh5 49. Ra6 Ra2 50. Re6 Bf5 51.
Re5 Kh4 52. Rxf5 h5 53. Rf4# 1-0

[Event "*** Titled Tuesday Blitz"]
[Site "Chess.com"]
[Date "2020.04.07"]
[Round "1"]
[White "LimeInTheCoconut"]
[Black "vaps"]
[Result "1-0"]
[WhiteElo "2515"]
[BlackElo "1984"]
[TimeControl "180+1"]
[EndTime "13:06:49 PDT"]
[Termination "LimeInTheCoconut won on time"]

1. Nf3 c5 2. c4 Nc6 3. Nc3 g6 4. e3 Nf6 5. d4 cxd4 6. exd4 d5 7. cxd5 Nxd5 8. Qb3 e6 9. Bb5 a6 10. Bxc6+ bxc6 11. O-O Bg7 12. Qa3 Qe7 13. Qxe7+ Kxe7 14. Bd2 Rd8 15.
Rac1 Rb8 16. b3 Nb4 17. Bg5+ f6 18. Bf4 Rb7 19. Rfd1 g5 20. Be3 Nd5 21. Ne4 g4 22. Nfd2 Nxe3 23. fxe3 Bh6 24. Kf2 f5 25. Nc5 f4 26.
exf4 Bxf4 27. Nxb7 Rf8 28. Kg1 Bxb7 29. Rc3 h5 30.
Nc4 h4 31. Ne5 Rf6 32. Nxg4 Rf7 33. Ne5 Rf6 34. Rf3 c5 35. Rxf4 1-0

[Event "*** Titled Tuesday Blitz"]
[Site "Chess.com"]
[Date "2020.04.07"]
[Round "1"]
[White "quesfr"]
[Black "volcanoexplorer"]
[Result "1-0"]
[WhiteElo "2192"]
[BlackElo "2537"]
[TimeControl "180+1"]
[EndTime "13:06:51 PDT"]
[Termination "quesfr won by checkmate"]

1. e4 e5 2. Nf3 Nc6 3. Nc3 Nf6 4. d4 exd4 5. Nxd4 d6 6. Bb5 Bd7 7.
Bxc6 bxc6 8. Qf3 c5 9. Nf5 g6 10. Nh6 Bg7 11. O-O Qe7 12. e5 c6 13. exf6 Bxf6 14.
Bf4 O-O-O 15. Rfe1 Be5 16. Bxe5 dxe5 17. Qxf7 Qg5 18. Qg7 Bh3 19. g3 Rhf8 20. Ne4 Qh5 21. Nd6+ Rxd6 22. Qxf8+ Rd8 23. Qf6 Qxh6 24. Qxc6+ Kb8 25.
Rad1 Rc8 26. Qd6+ Rc7 27. Rxe5 Qg7 28. Rxc5 a6 29. Qb6+ Kc8 30. Qxa6+ Kb8 31. Rd8+ Rc8 32. Rcxc8+ Bxc8 33. Rxc8# 1-0

[Event "*** Titled Tuesday Blitz"]
[Site "Chess.com"]
[Date "2020.04.07"]
[Round "1"]
[White "IljaJoke"]
[Black "HElissalt"]
[Result "1-0"]
[WhiteElo "2520"]
[BlackElo "2062"]
[TimeControl "180+1"]
[EndTime "13:06:51 PDT"]
[Termination "IljaJoke won by resignation"]

1. d4 d5 2. c4 e6 3. Nf3 Nf6 4. g3 Be7 5. Bg2 O-O 6. O-O c6 7. Qc2 Nbd7 8. Nbd2 dxc4 9. Nxc4 c5 10. Rd1 cxd4 11. Nxd4 Qc7 12. Bf4 e5 13. Nxe5 Qxc2 14. Nxc2 Nxe5 15. Bxe5 Bg4 16. f3 Be6 17. Nd4 Bc4 18.
Rac1 Rac8 19. b3 Ba6 20. Bh3 Rxc1 21. Rxc1 Nd5 22. Kf2 Ba3 23. Rc2 h5 24. Nf5 g6 25.
Bd6 Re8 26. Bxa3 gxf5 27. Bxf5 Ne3 28. Rc8 Nd1+ 29. Ke1 Rxc8 30. Bxc8 Nc3 31. Bb2 Nxa2 32. e4 Nb4 33. Bc3 Nd3+ 34. Kd2 Nc5 35. b4 Ne6 36. Ke3 Nd8 37. f4 Bb5 38. h3 Bc6 39. g4 Ne6 40. gxh5 Kh7 41. Bf6 Kh6 42. f5 Ng5 43. Bxg5+ Kxg5 44. e5 Kxh5 45. Kf4 Kh6 46. e6 fxe6 47. fxe6 Kg7 48.
Bd7 1-0

[Event "*** Titled Tuesday Blitz"]
[Site "Chess.com"]
[Date "2020.04.07"]
[Round "1"]
[White "Rsnr"]
[Black "Vamostodorecto"]
[Result "1-0"]
[WhiteElo "2809"]
[BlackElo "2426"]
[TimeControl "180+1"]
[EndTime "13:06:52 PDT"]
[Termination "Rsnr won on time"]

1. d4 d5 2. c4 c6 3. Nf3 dxc4 4. a4 b5 5. e3 e6 6. b3 Bb4+ 7. Bd2 Bxd2+ 8. Nfxd2 a5 9. bxc4 b4 10. c5 Nf6 11.
Bd3 O-O 12. Nc4 Nd5 13. O-O Nd7 14. Nbd2 Ba6 15. Nb3 Nc3 16. Qf3 e5 17. Nbxa5 Nxc5 18. Nxc6 e4 19. Qh5 Qc7 20. Qxc5 Kh8 21. Bc2 Rac8 22. d5 Qd7 23. Nb6 Qg4 24. Nxc8 Rxc8 25. Qxb4 Be2 26. h3 Qg6 27. f4 Qg3 28. Qxc3 Bf3 29.
Qd2 1-0

[Event "*** Titled Tuesday Blitz"]
[Site "Chess.com"]
[Date "2020.04.07"]
[Round "1"]
[White "KarstenHansch"]
[Black "VerdeNotte"]
[Result "1/2-1/2"]
[WhiteElo "2409"]
[BlackElo "2730"]
[TimeControl "180+1"]
[EndTime "13:06:52 PDT"]
[Termination "Game drawn by repetition"]

1. e4 e5 2. Nf3 Nc6 3. Bb5 a6 4.
Ba4 Nf6 5. O-O Bc5 6. c3 b5 7. Bc2 d5 8. exd5 Qxd5 9. d4 exd4 10. cxd4 Nxd4 11. Nxd4 Bxd4 12. Re1+ Be6 13. Bb3 Qc5 14.
Be3 Bxe3 15. Rxe3 O-O 16. Bxe6 fxe6 17. Nc3 Nd5 18. Nxd5 exd5 19. Rc1 Qd6 20. Rec3 Rad8 21. Rxc7 Qf6 22. Qd2 d4 23. R1c6 Qf5 24. h4 d3 25.
Rxa6 Qf4 26. Raa7 Qf6 27. Rxg7+ Qxg7 28. Rxg7+ Kxg7 29. Qg5+ Kf7 30. Qf5+ Ke7 31. Qe5+ Kf7 32. Qf5+ Ke7 33. Qe5+ Kd7 34. Qd5+ Kc7 35. Qc5+ Kd7 36. Qd5+ Kc7 37. Qc5+ Kd7 38. Qd5+ 1/2-1/2

[Event "*** Titled Tuesday Blitz"]
[Site "Chess.com"]
[Date "2020.04.07"]
[Round "1"]
[White "Tormoz"]
[Black "Pawnpusherschessaccademy"]
[Result "1-0"]
[WhiteElo "2675"]
[BlackElo "2334"]
[TimeControl "180+1"]
[EndTime "13:06:52 PDT"]
[Termination "Tormoz won by resignation"]

1. d4 Nf6 2. Nf3 d5 3. c4 e6 4. g3 Be7 5. Bg2 O-O 6. Qc2 dxc4 7. Qxc4 a6 8. Bf4 Nc6 9. O-O Nb4 10. Bxc7 Qd5 11.
Nbd2 b5 12. Qxd5 Nbxd5 13. Ba5 Bb7 14. a3 Bd8 15. Bxd8 Raxd8 16. Nb3 Nd7 17. Rfc1 f5 18. Ne1 Rc8 19. Nd3 Rxc1+ 20. Rxc1 Rd8 21. Na5 Ba8 22.
Nc6 Re8 23. Bxd5 exd5 24. Nce5 Nb6 25. b3 Re7 26. Rc5 g6 27. e3 Kg7 28. Nb4 Bb7 29.
Nbc6 Rc7 30. Na5 Re7 31. Nec6 Rc7 32. Nd8 1-0

[Event "*** Titled Tuesday Blitz"]
[Site "Chess.com"]
[Date "2020.04.07"]
[Round "1"]
[White "Semen16"]
[Black "vugarrasulov"]
[Result "0-1"]
[WhiteElo "2405"]
[BlackElo "2765"]
[TimeControl "180+1"]
[EndTime "13:06:53 PDT"]
[Termination "vugarrasulov won by checkmate"]

1. e4 c5 2. c3 Nf6 3. e5 Nd5 4. d4 cxd4 5. cxd4 e6 6. Nf3 d6 7. a3 Bd7 8. Bd3 Bc6 9. O-O Nd7 10. Qe2 a6 11. Bd2 dxe5 12. dxe5 Nc5 13. Rd1 Nxd3 14. Qxd3 Be7 15. Nc3 Nxc3 16. Bxc3 Qxd3 17. Rxd3 O-O 18. Rad1 Rac8 19. Nd4 Be4 20. Re3 Bd5 21. f3 Rfd8 22. Red3 Bc4 23. Re3 Bc5 24. Rd2 Rd5 25. Kf2 Rcd8 26. Re4 f5 27. exf6 e5 28. Rg4 g6 29.
Re4 Bxd4+ 30. Bxd4 Rxd4 31. Rdxd4 exd4 32. Ke1 Bb5 33. Kd2 Rd7 34. b3 Kf7 35. Rf4 g5 36.
Rf5 h6 37. a4 Bf1 38. g4 d3 39. a5 Rc7 40. Rd5 Rc2+ 41. Ke1 Be2 42. Rd6 Rb2 43.
h3 Rxb3 44. Kd2 Bxf3 45. Rd7+ Kxf6 46. Rd6+ Ke5 47. Rxh6 Be4 48. h4 Kd4 49. Rd6+ Bd5 50. hxg5 Rb2+ 51. Kc1 Rg2 52. g6 Kc3 53. Rxd5 Rg1# 0-1

[Event "*** Titled Tuesday Blitz"]
[Site "Chess.com"]
[Date "2020.04.07"]
[Round "1"]
[White "fpawn"]
[Black "goodluck06"]
[Result "1/2-1/2"]
[WhiteElo "2300"]
[BlackElo "2617"]
[TimeControl "180+1"]
[EndTime "13:06:53 PDT"]
[Termination "Game drawn by repetition"]

1. e4 c5 2. Nc3 Nc6 3. g3 g6 4.
Bg2 Bg7 5. d3 d6 6. Be3 e6 7. f4 Nge7 8. Nf3 Nd4 9. O-O O-O 10.
e5 dxe5 11. Nxe5 Rb8 12. Ne4 b6 13. c3 Ndf5 14. Bf2 Ba6 15. Nc4 Nd5 16. Qe2 Qc7 17.
Rad1 Rbd8 18. Rfe1 Nfe7 19. Ng5 h6 20. Nf3 Nc6 21.
Nce5 Nxe5 22. Nxe5 Bxe5 23. Qxe5 Qxe5 24. fxe5 Rd7 25.
d4 c4 26. Bxd5 Rxd5 27. g4 Bb7 28. Bh4 Rb5 29. Rd2 g5 30. Bg3 f6 31. exf6 Rxf6 32.
Rf1 Rxf1+ 33. Kxf1 Kf7 34. Be5 Ke7 35. Kf2 Rd5 36. Kg3 Rd8 37. Rf2 Rg8 38. Rf6 Rf8 39.
Rxf8 Kxf8 40. h4 Kf7 41. hxg5 hxg5 42. a3 Bd5 43. Bb8 a6 44. Bc7 b5 45. Bd8 Kg6 46. Be7 Bc6 47. Bc5 Bd5 48. Be7 Bc6 49. Bc5 Bd5 50.
Be7 1/2-1/2

[Event "*** Titled Tuesday Blitz"]
[Site "Chess.com"]
[Date "2020.04.07"]
[Round "1"]
[White "SketchyMoves"]
[Black "aloe_normansen"]
[Result "1-0"]
[WhiteElo "2543"]
[BlackElo "2141"]
[TimeControl "180+1"]
[EndTime "13:06:54 PDT"]
[Termination "SketchyMoves won by checkmate"]

1. e4 c5 2. Nc3 d6 3. d4 cxd4 4. Qxd4 Nc6 5. Qd2 Nf6 6. b3 g6 7. Bb2 Bg7 8. O-O-O Bd7 9. f3 Qa5 10. g4 h5 11. g5 Nh7 12. h4 O-O 13. Kb1 Rac8 14.
f4 Nb4 15. a3 Nxc2 16. Kxc2 b5 17. Ne2 b4 18. axb4 Qxb4 19. Nd4 Be6 20. Nxe6 fxe6 21.
Bc4 d5 22. exd5 exd5 23. Qxd5+ Kh8 24. Rhf1 Rf5 25. Qe6 Rfc5 26. Rd3 Nf8 27. Qg8# 1-0

[Event "*** Titled Tuesday Blitz"]
[Site "Chess.com"]
[Date "2020.04.07"]
[Round "1"]
[White "axvesik"]
[Black "Alexander_Donchenko"]
[Result "0-1"]
[WhiteElo "2450"]
[BlackElo "2864"]
[TimeControl "180+1"]
[EndTime "13:06:55 PDT"]
[Termination "Alexander_Donchenko won by resignation"]

1. e4 c6 2. d4 d5 3. Nc3 dxe4 4. Nxe4 Nf6 5. Nxf6+ exf6 6. c3 Bd6 7. Bd3 O-O 8.
Qc2 Re8+ 9. Ne2 h5 10. Be3 Nd7 11. O-O-O b5 12. Kb1 Nb6 13. h3 Be6 14. Rhg1 Bh2 15.
Rh1 Bc7 16. Bf4 Nd5 17. Bxc7 Qxc7 18. Ng3 h4 19. Ne4 Nf4 20. Nc5 Nxg2 21. Rdg1 Nf4 22. Bh7+ Kf8 23. Bf5 g6 24. Bxe6 Nxe6 25. Ne4 Qe7 26.
Re1 f5 27. Nc5 Qd6 28. Nd3 Nf4 29. Ne5 Kg7 30. Qd2 Nd5 31. Rhg1 Qf6 32. Rg2 f4 33. Reg1 Qf5+ 34. Ka1 Re6 35. Rg5 Qxh3 36. b3 Qxc3+ 0-1

[Event "*** Titled Tuesday Blitz"]
[Site "Chess.com"]
[Date "2020.04.07"]
[Round "1"]
[White "IMUltimateBeast"]
[Black "nomessi"]
[Result "1-0"]
[WhiteElo "2630"]
[BlackElo "2300"]
[TimeControl "180+1"]
[EndTime "13:06:55 PDT"]
[Termination "IMUltimateBeast won by resignation"]

1. d4 d5 2. Bf4 c5 3. e3 Nc6 4.
c3 e6 5. Nd2 Nf6 6. Bd3 Bd6 7.
Bxd6 Qxd6 8. f4 cxd4 9. cxd4 O-O 10. a3 b6 11. Ngf3 Bb7 12. Ne5 Rac8 13. Qf3 Ne7 14. O-O Rc7 15. g4 g6 16. g5 Nh5 17. Qe2 Nf5 18. Ndf3 Rfc8 19. Ng4 Kg7 20. Nfe5 Qe7 21. Qf3 Nd6 22. Qh3 Ne4 23. Qg2 Qe8 24. Qh3 Qa4 25.
Bxe4 dxe4 26. Nf6 Qb3 27. Nxh5+ gxh5 28. Rae1 Qxb2 29. Qxh5 Qd2 30. Qh6+ Kg8 31. Ng4 f5 32. Qxe6+ Kh8 33. Qf6+ Rg7 34. Nh6 Bd5 35. Nxf5 Rg8 36.
Nxg7 1-0

[Event "*** Titled Tuesday Blitz"]
[Site "Chess.com"]
[Date "2020.04.07"]
[Round "1"]
[White "vladislavkovalev"]
[Black "IMJonathanCarlstedt"]
[Result "1-0"]
[WhiteElo "2901"]
[BlackElo "2463"]
[TimeControl "180+1"]
[EndTime "13:06:56 PDT"]
[Termination "vladislavkovalev won by resignation"]

1. e4 g6 2. d4 Bg7 3. Nc3 a6 4. Be3 d6 5. Qd2 b5 6. O-O-O Bb7 7. f3 Nd7 8. h4 Ngf6 9. Bh6 O-O 10. h5 e5 11. hxg6 fxg6 12. Bxg7 Kxg7 13. Qh6+ Kg8 14.
d5 Qe7 15. Nh3 Qg7 16. Ng5 Qxh6 17. Rxh6 b4 18. Na4 Nb6 19. Nxb6 cxb6 20. Be2 Rae8 21. Rdh1 Re7 22. Kd2 a5 23. Bb5 Bc8 24. c3 bxc3+ 25. bxc3 Bd7 26. c4 Bxb5 27. cxb5 Rc8 28. Ne6 Nd7 29.
g3 Nc5 30. Ng5 Rcc7 31. Rc1 Rb7 32. Ke3 Rbc7 33. f4 Rb7 34. f5 gxf5 35. exf5 Rg7 36. Ne4 Nxe4 37. Kxe4 Rxg3 38. Rxd6 Rg4+ 39. Kxe5 Rf7 40.
Rxb6 Rg1 41. Rxg1+ 1-0

[Event "*** Titled Tuesday Blitz"]
[Site "Chess.com"]
[Date "2020.04.07"]
[Round "1"]
[White "XiaoKangZhong"]
[Black "swimmerchess"]
[Result "0-1"]
[WhiteElo "2432"]
[BlackElo "2813"]
[TimeControl "180+1"]
[EndTime "13:06:56 PDT"]
[Termination "swimmerchess won by checkmate"]

1. e4 c5 2. c3 Nf6 3. e5 Nd5 4. d4 cxd4 5. cxd4 d6 6. Nf3 e6 7. Bc4 Nc6 8. O-O Be7 9. Nc3 Nxc3 10. bxc3 O-O 11. Qe2 dxe5 12. dxe5 Qa5 13. Bd2 Rd8 14. Bd3 Bd7 15. Rad1 Be8 16. Qe4 g6 17. c4 Qxa2 18. Bg5 Bxg5 19. Nxg5 Rd4 20. Qe3 Rad8 21.
Qh3 h5 22. Ne4 Nxe5 23. Nf6+ Kf8 24. Qe3 Nxd3 25. Qh6+ Ke7 26. Qg5 Kd6 27. Nxe8+ Rxe8 28. Qg3+ e5 29. Rxd3 Qxc4 30. Rfd1 Ke6 31. Qh3+ Kf6 32. Qf3+ Kg7 33. Rxd4 exd4 34. Qxb7 Qe2 35. Rf1 d3 36. Qxa7 d2 37. Qa1+ Kh7 38. g3 Rc8 39. Qd4 Rc1 40. Qf6 Qxf1# 0-1

[Event "*** Titled Tuesday Blitz"]
[Site "Chess.com"]
[Date "2020.04.07"]
[Round "1"]
[White "econpower"]
[Black "Vusatiuk_Vladimir"]
[Result "1-0"]
[WhiteElo "2730"]
[BlackElo "2383"]
[TimeControl "180+1"]
[EndTime "13:06:56 PDT"]
[Termination "econpower won by resignation"]

1. c4 e5 2. g3 Nf6 3. Bg2 h6 4. Nc3 Bb4 5. Nd5 Be7 6. e3 O-O 7. Ne2 c6 8. Nxf6+ Bxf6 9. Nc3 d6 10. O-O Be6 11. d3 Nd7 12. f4 g6 13. e4 Nc5 14. f5 Bd7 15. Bxh6 Bg7 16. Be3 b6 17. b4 Na6 18. a3 Nc7 19. Qd2 a5 20. Bxb6 axb4 21.
axb4 Qc8 22. Rxa8 Nxa8 23. Be3 gxf5 24. Bh6 f6 25. exf5 Bxf5 26. b5 Bd7 27. Ra1 Nb6 28.
Be3 c5 29. Ra6 Qc7 30. Nd5 Nxd5 31. Bxd5+ Kh7 32. Qe2 Be8 33. Qg4 Bf7 34. Be4+ Kg8 35. Qf5 Rb8 36. h4 Qe7 37. h5 Be6 38. Qh7+ Kf8 39. h6 Bxh6 40. Bxh6+ Ke8 41. Qh8+ 1-0

[Event "*** Titled Tuesday Blitz"]
[Site "Chess.com"]
[Date "2020.04.07"]
[Round "1"]
[White "Sebastian"]
[Black "skoularikii"]
[Result "1-0"]
[WhiteElo "3015"]
[BlackElo "2487"]
[TimeControl "180+1"]
[EndTime "13:06:57 PDT"]
[Termination "Sebastian won by resignation"]

1. d4 Nf6 2. Nf3 e6 3. e3 c5 4.
Bd3 Nc6 5. O-O d5 6. b3 Be7 7. dxc5 Bxc5 8. Bb2 O-O 9. a3 a5 10. Nbd2 Bd7 11. c4 Be7 12. Qe2 Qb8 13. Rfd1 Rc8 14.
e4 dxc4 15. Nxc4 b5 16. Ne3 Qb7 17. e5 Nd5 18. Nxd5 exd5 19. Bxb5 Bg4 20. Bxc6 Rxc6 21.
h3 Bxf3 22. Qxf3 Rc2 23. Bd4 Rb8 24. Rd3 Qc7 25. a4 Rc1+ 26. Rxc1 Qxc1+ 27. Kh2 Qc2 28. Qg3 Bh4 29. Qf3 Bg5 30. g3 Bd2 31. Qe2 Rxb3 32.
Rxd2 Qc6 33. Qg4 g6 34. Qf4 Rb4 35. h4 Rxa4 36. e6 Qxe6 37. Qb8+ 1-0

[Event "*** Titled Tuesday Blitz"]
[Site "Chess.com"]
[Date "2020.04.07"]
[Round "1"]
[White "BogdanDeac"]
[Black "wang5ter"]
[Result "1-0"]
[WhiteElo "2603"]
[BlackElo "2263"]
[TimeControl "180+1"]
[EndTime "13:06:58 PDT"]
[Termination "BogdanDeac won by resignation"]

1. Nf3 Nf6 2. c4 e6 3. g3 d5 4. Bg2 dxc4 5. Qa4+ Nbd7 6. Qxc4 a6 7. a4 Rb8 8. a5 Be7 9. d4 O-O 10. O-O b5 11. axb6 Nxb6 12. Qc2 Bb7 13. Bf4 Rc8 14. Rd1 Nbd5 15. Nc3 Nxf4 16. gxf4 c5 17. dxc5 Qc7 18. b4 Qxf4 19. Rd4 Qc7 20. Ne1 e5 21. Rc4 Bxg2 22. Nxg2 Qc6 23. Qf5 Nd7 24. Ne3 g6 25.
Qe4 Qe6 26. Qd5 Qh3 27. Rxa6 Bg5 28. Qf3 Qe6 29. Rxe6 fxe6 30. Qg4 Bxe3 31. Qxe6+ Rf7 32. fxe3 Rf8 33. c6 Kg7 34. cxd7 Rf1+ 35. Kg2 R1f2+ 36. Kg3 h5 37. d8=Q h4+ 38. Qxh4 R2f6 39. Rc7+ R8f7 40.
Qexf6+ Kg8 41. Qxg6+ Kf8 42. Rxf7+ Ke8 43. Re7+ Kd8 44.
b5 1-0

[Event "*** Titled Tuesday Blitz"]
[Site "Chess.com"]
[Date "2020.04.07"]
[Round "1"]
[White "Jumbo"]
[Black "JulAnt"]
[Result "1-0"]
[WhiteElo "2798"]
[BlackElo "2420"]
[TimeControl "180+1"]
[EndTime "13:06:59 PDT"]
[Termination "Jumbo won by resignation"]

1. d4 Nf6 2. c4 d6 3. Nf3 Nbd7 4. Nc3 g6 5. g3 Bg7 6. Bg2 O-O 7. O-O e5 8. e4 Re8 9. Re1 a5 10. Qc2 exd4 11.
Nxd4 Nc5 12. Nb3 Nfd7 13. Be3 c6 14. Rad1 Qe7 15. f4 Nxb3 16. axb3 Nc5 17. Bf2 Bg4 18. Rd2 h5 19. h3 Bc8 20. Rde2 Ne6 21. Qd1 Qc7 22. Rd2 Bf8 23. Nd5 Qd8 24. Bb6 cxd5 25. Bxd8 Rxd8 26. Rxd5 Nc5 27. e5 Be6 28. Rd2 a4 29.
bxa4 Bxc4 30. exd6 Bb3 31. Qf3 Rxd6 32. Rxd6 Bxd6 33. Qc3 Bxa4 34. b4 Ne6 35. Bd5 Nc7 36.
Qf6 Nxd5 37. Qxd6 Bc6 38. b5 1-0

[Event "*** Titled Tuesday Blitz"]
[Site "Chess.com"]
[Date "2020.04.07"]
[Round "1"]
[White "pirulillo"]
[Black "talman67"]
[Result "1/2-1/2"]
[WhiteElo "2168"]
[BlackElo "2534"]
[TimeControl "180+1"]
[EndTime "13:06:59 PDT"]
[Termination "Game drawn by repetition"]

1. e4 e5 2. Bc4 Nf6 3. d3 c6 4. Nf3 d5 5. Bb3 a5 6. a4 Bb4+ 7. c3 Bd6 8. O-O O-O 9. Re1 Re8 10.
Nbd2 Nbd7 11. Bc2 Nf8 12. Nf1 Ng6 13. Ng3 h6 14. h3 b6 15. Qe2 Bb7 16. Nh2 Nf4 17. Qf3 c5 18. Ng4 dxe4 19. dxe4 Nxg4 20. hxg4 g6 21. Nf1 Qg5 22. g3 h5 23. gxf4 exf4 24. Qg2 hxg4 25. f3 g3 26. Nxg3 Qxg3 27. Qxg3 fxg3 28.
f4 c4 29. Kg2 f5 30. Kxg3 Bxe4 31. Bxe4 Rxe4 32. Rxe4 fxe4 33. Be3 Bc5 34. Bxc5 bxc5 35. Re1 Re8 36. Kg4 Kf7 37. f5 gxf5+ 38. Kxf5 e3 39.
Kf4 e2 40. Kf3 Kf6 41. Rxe2 Rxe2 42. Kxe2 Kg5 43. Kf3 Kf5 44. Ke3 Ke5 45. Kf3 Kf5 46. Ke3 Ke5 47. Kf3 Kf5 1/2-1/2

[Event "*** Titled Tuesday Blitz"]
[Site "Chess.com"]
[Date "2020.04.07"]
[Round "1"]
[White "ValentinDragnev"]
[Black "ChristianAlm"]
[Result "1-0"]
[WhiteElo "2754"]
[BlackElo "2400"]
[TimeControl "180+1"]
[EndTime "13:07:00 PDT"]
[Termination "ValentinDragnev won on time"]

1. d4 Nf6 2. Nf3 d5 3. Bf4 g6 4.
Nbd2 Bg7 5. h3 O-O 6. e3 c5 7.
Be2 Nc6 8. O-O cxd4 9. exd4 Bf5 10. c3 Ne4 11. Re1 Re8 12. Nh4 e6 13. Nxf5 exf5 14.
Nxe4 fxe4 15. Qb3 Qd7 16. Rad1 Rac8 17. Bg4 f5 18. Be2 a6 19. Qa4 Re7 20. Bf1 h6 21. Be3 Rf8 22. c4 Kh7 23. cxd5 Qxd5 24. Bc4 Qd7 25. d5 Ne5 26. Qb3 Nxc4 27. Qxc4 Rd8 28. d6 Re6 29. Bb6 Rc8 30. Qxc8 Qxc8 31. d7 Qxd7 32. Rxd7 Rxb6 33. Rc1 Kg8 34. Rc8+ Bf8 35. Rb8 Rf6 36. Rdxb7 f4 37. Rb6 Rf7 38. Rxg6+ Kh7 39. Rxa6 e3 40. Re6 1-0

[Event "*** Titled Tuesday Blitz"]
[Site "Chess.com"]
[Date "2020.04.07"]
[Round "1"]
[White "VinzentSpitzl"]
[Black "Misi_95"]
[Result "0-1"]
[WhiteElo "2359"]
[BlackElo "2703"]
[TimeControl "180+1"]
[EndTime "13:07:00 PDT"]
[Termination "Misi_95 won by checkmate"]

1. e4 c5 2. Nf3 Nc6 3. d4 cxd4 4. Nxd4 Nf6 5. Nc3 d6 6. Bg5 e6 7. Qd2 Be7 8. O-O-O a6 9. f3 Bd7 10. h4 Qc7 11. Kb1 b5 12. Nxc6 Bxc6 13. Ne2 h6 14.
Be3 e5 15. Ng3 Bd7 16. Nf5 Bxf5 17. exf5 d5 18. g4 d4 19. Bf2 Rc8 20. Bd3 Nd5 21. g5 Nf4 22. f6 gxf6 23. Bf5 Rd8 24. gxf6 Bxf6 25. Bg3 O-O 26. Bxf4 exf4 27. Qd3 Kh8 28. h5 Rde8 29. Be4 Rg8 30. Rhg1 Rg3 31. Bd5 Qd7 32. Be4 Reg8 33. Rge1 Qd6 34. a3 Rg2 35. Bh7 Rc8 36. Bf5 Rb8 37. Re2 Rxe2 38. Qxe2 b4 39. axb4 Qxb4 40.
Qd3 Qxb2# 0-1

[Event "*** Titled Tuesday Blitz"]
[Site "Chess.com"]
[Date "2020.04.07"]
[Round "1"]
[White "tomsishere"]
[Black "Korchmar_Vasiliy"]
[Result "0-1"]
[WhiteElo "2259"]
[BlackElo "2608"]
[TimeControl "180+1"]
[EndTime "13:07:00 PDT"]
[Termination "Korchmar_Vasiliy won by resignation"]

1. d4 Nf6 2. c4 e6 3. Nc3 Bb4 4.
Qc2 b6 5. e4 c5 6. d5 Qe7 7.
Be2 exd5 8. exd5 O-O 9. Nf3 Re8 10. O-O d6 11. Re1 Bg4 12. Bd2 Nbd7 13. a3 Ba5 14. Bd3 Qf8 15. Ng5 h6 16. Nh7 Nxh7 17. Bxh7+ Kh8 18.
Bf5 Bxf5 19. Qxf5 Ne5 20. b3 Re7 21. Rab1 Rae8 22. Qc2 Ng6 23. Kf1 Rxe1+ 24. Bxe1 Qe7 25. Bd2 Qh4 26. Kg1 Bxc3 27. Bxc3 Nf4 28. Qf5 Ne2+ 29. Kf1 Nxc3 30. Qxf7 Qe4 31. Rc1 Qe2+ 32. Kg1 Qe1+ 0-1